Workbook

Sheet Notas a los Edos Financieros
A1: Municipio de Chihuahua
A2: Notas de Desglose
A3: Del 01 de enero al 30 de septiembre de 2026
A4: (Cifras en Pesos)
A5: NOTAS | B5: DESCRIPCIÓN
B8: ESTADO DE ACTIVIDADES
A9: EA-01 | B9: INGRESOS Y OTROS BENEFICIOS
A10: EA-02 | B10: GASTOS Y OTRAS PERDIDAS
B11: ESTADO DE SITUACIÓN FINANCIERA
A12: ESF-01 | B12: FONDOS CON AFECTACIÓN ESPECÍFICA E INVERSIONES FINANCIERAS
A13: ESF-02 | B13: CONTRIBUCIONES POR RECUPERAR
A14: ESF-03 | B14: CONTRIBUCIONES POR RECUPERAR CORTO PLAZO
A15: ESF-04 | B15: BIENES DISPONIBLES PARA SU TRANSFORMACIÓN ESTIMACIONES Y DETERIOROS (INVENTARIOS)
A16: ESF-05 | B16: ALMACENES
A17: ESF-06 | B17: FIDEICOMISOS, MANDATOS Y CONTRATOS ANÁLOGOS
A18: ESF-07 | B18: PARTICIPACIONES Y APORTACIONES DE CAPITAL
A19: ESF-08 | B19: BIENES MUEBLES E INMUEBLES
A20: ESF-09 | B20: INTANGIBLES Y DIFERIDOS
A21: ESF-10 | B21: ESTIMACIONES Y DETERIOROS
A22: ESF-11 | B22: OTROS ACTIVOS
A23: ESF-12 | B23: CUENTAS Y DOCUMENTOS POR PAGAR
... A27: ESF-16 | B27: OTROS PASIVOS
B28: ESTADO DE VARIACIÓN EN LA HACIENDA PÚBLICA
A29: EVHP-01 | B29: PATRIMONIO CONTRIBUIDO
A30: EVHP-02 | B30: PATRIMONIO GENERADO
B31: ESTADO DE FLUJOS DE EFECTIVO
A32: EFE-01 | B32: EFECTIVO Y EQUIVALENTES
A33: EFE-02 | B33: ADQ. DE ACT. DE INVERSIÓN EFECTIVAMENTE PAGADAS
A34: EFE-03 | B34: CONCILIACION DE FLUJOS DE EFECTIVO NETOS
A37: CIPC | B37: CONCILIACIÓN ENTRE LOS INGRESOS PRESUPUESTARIOS Y CONTABLES
A38: CEPC | B38: CONCILIACIÓN ENTRE LOS EGRESOS PRESUPUESTARIOS Y LOS GASTOS CONTABLES
A43: “Bajo protesta de decir verdad declaramos que los Estados Financieros y sus notas, son razonablemente correctos y son responsabilidad del emisor.”
A45: PRESIDENTE MUNICIPAL
A51: _______________________________________________
A52: LIC. MARCO ANTONIO BONILLA MENDOZA
A55: TESORERA MUNICIPAL
A60: _____________________________________________
A61: MTRA. AÍDA AMANDA CÓRDOVA CHÁVEZ
A64: REGIDOR PRESIDENTE
A65: COMISIÓN DE HACIENDA Y PLANEACIÓN
A70: _________________________________________
A71: LIC. LUIS ABRAHAM VILLEGAS ESCANDÓN

Sheet EA
A1: Municipio de Chihuahua
A2: Notas de Desglose Estado de Actividades
A3: ='Notas a los Edos Financieros'!A3 -> Del 01 de enero al 30 de septiembre de 2026
A4: (Cifras en Pesos)
A5: Notas
A7: EA-01 INGRESOS y OTROS BENEFICIOS
A8: Cuenta | B8: Nombre de la Cuenta | C8: Monto | D8: % | E8: Caracteristicas
A9: 4000 | B9: INGRESOS Y OTROS BENEFICIOS | C9: =C10+C57+C69 -> 5.9501233e+09
A10: 4100 | B10: INGRESOS DE GESTION | C10: =+C11+C21+C27+C30+C36+C39+C48 -> 2.9196083e+09
A11: 4110 | B11: Impuestos | C11: =SUM(C12:C20) -> 2.1595582e+09 | D11: =SUM(D12:D20) -> 1
A12: 4111 | B12: Impuestos Sobre los Ingresos | C12: 0 | D12: =C12/$C$11 -> 0
A13: 4112 | B13: Impuestos Sobre el Patrimonio | C13: 1.9746276e+09 | D13: =C13/$C$11 -> 0.91436646 | E13: Se compone principalmente por el impuesto predial y el de traslación de dominio
A14: 4113 | B14: Impuestos Sobre la Producción, el Consumo y las Transacciones | C14: 0 | D14: =C14/$C$11 -> 0
A15: 4114 | B15: Impuestos al Comercio Exterior | C15: 0 | D15: =C15/$C$11 -> 0
A16: 4115 | B16: Impuestos Sobre Nóminas y Asimilables | C16: 0 | D16: =C16/$C$11 -> 0
A17: 4116 | B17: Impuestos Ecológicos | C17: 0 | D17: =C17/$C$11 -> 0
A18: 4117 | B18: Accesorios de Impuestos | C18: 1.7683532e+08 | D18: =C18/$C$11 -> 0.081884949
A19: 4118 | B19: Impuestos no Comprendidos en la Ley de Ingresos Vigente, Causados en Ejercicios Fiscales Anteriores Pendientes de Liquidación o Pago | C19: 0 | D19: =C19/$C$11 -> 0
A20: 4119 | B20: Otros Impuestos | C20: 8095310 | D20: =C20/$C$11 -> 0.0037485954
A21: 4120 | B21: Cuotas y Aportaciones de Seguridad Social | C21: =SUM(C22:C26) -> 0 | D21: =SUM(D22:D26) -> 0
A22: 4121 | B22: Aportaciones para Fondos de Vivienda | C22: 0 | D22: =IFERROR(C22/$C$9,"") -> 0
A23: 4122 | B23: Cuotas para la Seguridad Social | C23: 0 | D23: =IFERROR(C23/$C$9,"") -> 0
A24: 4123 | B24: Cuotas de Ahorro para el Retiro | C24: 0 | D24: =IFERROR(C24/$C$9,"") -> 0
A25: 4124 | B25: Accesorios de Cuotas y Aportaciones de Seguridad Social | C25: 0 | D25: =IFERROR(C25/$C$9,"") -> 0
A26: 4129 | B26: Otras Cuotas y Aportaciones para la Seguridad Social | C26: 0 | D26: =IFERROR(C26/$C$9,"") -> 0
A27: 4130 | B27: Contribuciones de Mejoras | C27: =SUM(C28:C29) -> 1.1112985e+08 | D27: =SUM(D28:D29) -> 1
A28: 4131 | B28: Contribuciones de Mejoras por Obras Públicas | C28: 1.1112985e+08 | D28: =C28/C27 -> 1
A29: 4132 | B29: Contribuciones de Mejoras no Comprendidas en la Ley de Ingresos Vigente, Causadas en Ejercicios Fiscales Anteriores Pendientes de Liquidación o Pago | C29: 0 | D29: =IFERROR(C29/$C$9,"") -> 0
A30: 4140 | B30: Derechos | C30: =SUM(C31:C35) -> 5.6203024e+08 | D30: =SUM(D31:D35) -> 1
A31: 4141 | B31: Derechos por el Uso, Goce, Aprovechamiento o Explotación de Bienes de Dominio Público | C31: 5530543.8 | D31: =C31/$C$30 -> 0.0098402958
A32: 4143 | B32: Derechos por Prestación de Servicios | C32: 5.564997e+08 | D32: =C32/$C$30 -> 0.9901597
A33: 4144 | B33: Accesorios de Derechos | C33: 0 | D33: =C33/$C$30 -> 0
A34: 4145 | B34: Derechos no Comprendidos en la Ley de Ingresos Vigente, Causados en Ejercicios Fiscales Anteriores Pendientes de Liquidación o Pago | C34: 0 | D34: =C34/$C$30 -> 0
A35: 4149 | B35: Otros Derechos | C35: 0 | D35: =C35/$C$30 -> 0
A36: 4150 | B36: Productos | C36: =SUM(C37:C38) -> 54615599 | D36: =SUM(D37:D38) -> 1
A37: 4151 | B37: Productos Derivados del Uso y Aprovechamiento de Bienes no Sujetos a Régimen de Dominio Publico | C37: 28569736 | D37: =C37/$C$36 -> 0.5231058
A38: 4153 | B38: Accesorios de Productos | C38: 26045862 | D38: =C38/$C$36 -> 0.4768942
A39: 4160 | B39: Aprovechamientos | C39: =SUM(C40:C47) -> 32274399 | D39: =SUM(D40:D47) -> 1
A40: 4161 | B40: Incentivos Derivados de la Colaboración Fiscal | C40: 576186.69 | D40: =C40/$C$39 -> 0.017852747
A41: 4162 | B41: Multas | C41: 0 | D41: =C41/$C$39 -> 0
A42: 4163 | B42: Indemnizaciones | C42: 5559052.5 | D42: =C42/$C$39 -> 0.17224341
A43: 4164 | B43: Reintegros | C43: 14009206 | D43: =C43/$C$39 -> 0.43406558
A44: 4165 | B44: Aprovechamientos Provenientes de Obras Públicas | C44: 5625828.6 | D44: =C44/$C$39 -> 0.17431242
A45: 4166 | B45: Aprovechamientos no Comprendidos en la Ley de Ingresos Vigente, Causados en Ejercicios Fiscales Anteriores Pendientes de Liquidación o Pago | C45: 0 | D45: =C45/$C$39 -> 0
A46: 4168 | B46: Accesorios de Aprovechamientos | C46: 0 | D46: =C46/$C$39 -> 0
A47: 4169 | B47: Otros Aprovechamientos | C47: 6504125.5 | D47: =C47/$C$39 -> 0.20152584
A48: 4170 | B48: Ingresos por Venta de Bienes y Prestación de Servicios | C48: =SUM(C49:C56) -> 0 | D48: =SUM(D49:D56) -> 0
A49: 4171 | B49: Ingresos por Venta de Bienes y Prestación de Servicios de Instituciones Públicas de Seguridad Social | C49: 0 | D49: 0
A50: 4172 | B50: Ingresos por Venta de Bienes y Prestación de Servicios de Empresas Productivas del Estado | C50: 0 | D50: 0
A51: 4173 | B51: Ingresos por Venta de Bienes y Prestación de Servicios de Entidades Paraestatales y Fideicomisos No Empresariales y No Financieros | C51: 0 | D51: 0
A52: 4174 | B52: Ingresos por Venta de Bienes y Prestación de Servicios de Entidades Paraestatales Empresariales No Financieras con Participación Estatal Mayoritaria | C52: 0 | D52: 0
A53: 4175 | B53: Ingresos por Venta de Bienes y Prestación de Servicios de Entidades Paraestatales Empresariales Financieras Monetarias con Participación Estatal Mayoritaria | C53: 0 | D53: 0
A54: 4176 | B54: Ingresos por Venta de Bienes y Prestación de Servicios de Entidades Paraestatales Empresariales Financieras No Monetarias con Participación Estatal Mayoritaria | C54: 0 | D54: 0
A55: 4177 | B55: Ingresos por Venta de Bienes y Prestación de Servicios de Fideicomisos Financieros Públicos con Participación Estatal Mayoritaria | C55: 0 | D55: 0
A56: 4178 | B56: Ingresos por Venta de Bienes y Prestación de Servicios de los Poderes Legislativo y Judicial, y de los Órganos Autónomos | C56: 0 | D56: 0
A57: 4200 | B57: PARTICIPACIONES, APORTACIONES, CONVENIOS, INCENTIVOS DERIVADOS DE LA COLABORACIÓN FISCAL, FONDOS DISTINTOS DE APORTACIONES, TRANSFERENCIAS, ASIGNACIONES, SUBSIDIOS Y SUBVENCIONES, Y PENSIONES Y JUBILACIONES | C57: =C58+C64 -> 3.030515e+09
A58: 4210 | B58: Participaciones, Aportaciones, Convenios, Incentivos Derivados de la Colaboración Fiscal y Fondos Distintos de Aportaciones | C58: =SUM(C59:C63) -> 3.030038e+09 | D58: =SUM(D59:D63) -> 1
A59: 4211 | B59: Participaciones | C59: 1.8754281e+09 | D59: =C59/$C$58 -> 0.61894543
A60: 4212 | B60: Aportaciones | C60: 1.1002156e+09 | D60: =C60/$C$58 -> 0.36310291
A61: 4213 | B61: Convenios | C61: 31082365 | D61: =C61/$C$58 -> 0.010258078
A62: 4214 | B62: Incentivos derivados de la Colaboración Fiscal | C62: 23311838 | D62: =C62/$C$58 -> 0.0076935796
A63: 4215 | B63: Fondos Distintos de Aportaciones | C63: 0 | D63: =C63/$C$58 -> 0
A64: 4220 | B64: Transferencias, Asignaciones, Subsidios y Otras ayudas | C64: =SUM(C65:C68) -> 477022.5 | D64: =SUM(D65:D68) -> 1
A65: 4221 | B65: Transferencias Internas y Asignaciones del Sector Público | C65: 0 | D65: =C65/$C$64 -> 0
A66: 4223 | B66: Subsidios y Subvenciones | C66: 477022.5 | D66: =C66/$C$64 -> 1
A67: 4225 | B67: Pensiones y Jubilaciones | C67: 0 | D67: =C67/$C$64 -> 0
A68: 4227 | B68: Transferencias del Fondo Mexicano del Petróleo para la Estabilización y el Desarrollo | C68: 0 | D68: =C68/$C$64 -> 0
A69: 4300 | B69: OTROS INGRESOS Y BENEFICIOS | C69: =+C70+C73+C79+C81+C83 -> 0
A70: 4310 | B70: Ingresos Financieros | C70: =SUM(C71:C72) -> 0 | D70: =SUM(D71:D72) -> 0
A71: 4311 | B71: Intereses Ganados de Títulos, Valores y demás Instrumentos Financieros | C71: 0 | D71: 0
A72: 4319 | B72: Otros Ingresos Financieros | C72: 0 | D72: =C72/$C$58 -> 0
A73: 4320 | B73: Incremento por Variación de Inventarios | C73: =SUM(C74:C78) -> 0 | D73: =SUM(D74:D78) -> 0
A74: 4321 | B74: Incremento por Variación de Inventarios de Mercancías para Venta | C74: 0 | D74: 0
A75: 4322 | B75: Incremento por Variación de Inventarios de Mercancías Terminadas | C75: 0 | D75: 0
A76: 4323 | B76: Incremento por Variación de Inventarios de Mercancías en Proceso de Elaboración | C76: 0 | D76: 0
A77: 4324 | B77: Incremento por Variación de Inventarios de Materias Primas, Materiales y Suministros para Producción | C77: 0 | D77: 0
A78: 4325 | B78: Incremento por Variación de Almacén de Materias Primas, Materiales y Suministros de Consumo | C78: 0 | D78: 0
A79: 4330 | B79: Disminución del Exceso de Estimaciones por Pérdida o Deterioro u Obsolescencia | C79: =C80 -> 0 | D79: =D80 -> 0
A80: 4331 | B80: Disminución del Exceso de Estimaciones por Pérdida o Deterioro u Obsolescencia | C80: 0 | D80: 0
A81: 4340 | B81: Disminución del Exceso de Provisiones | C81: =C82 -> 0 | D81: =SUM(D82) -> 0
A82: 4341 | B82: Disminución del Exceso de Provisiones | C82: 0 | D82: 0
A83: 4390 | B83: Otros Ingresos y Beneficios Varios | C83: =SUM(C84:C90) -> 0 | D83: =SUM(D84:D90) -> 0
A84: 4392 | B84: Bonificaciones y Descuentos Obtenidos | C84: 0 | D84: 0
A85: 4393 | B85: Diferencias por Tipo de Cambio a Favor | C85: 0 | D85: 0
A86: 4394 | B86: Diferencias de Cotizaciones a Favor en Valores Negociables | C86: 0 | D86: 0
A87: 4395 | B87: Resultado por Posición Monetaria | C87: 0 | D87: 0
A88: 4396 | B88: Utilidades por Participación Patrimonial | C88: 0 | D88: 0
A89: 4397 | B89: Diferencias por Reestructuración de Deuda Pública a Favor | C89: 0 | D89: 0
A90: 4399 | B90: Otros Ingresos y Beneficios Varios | C90: 0 | D90: 0
A92: EA-02 GASTOS Y OTRAS PERDIDAS
A93: Cuenta | B93: Nombre de la Cuenta | C93: Monto | D93: % | E93: Explicación
A94: 5000 | B94: GASTOS Y OTRAS PERDIDAS | C94: =+C95+C123+C156+C166+C181+C210 -> 4.9728999e+09
A95: 5100 | B95: GASTOS DE FUNCIONAMIENTO | C95: =+C96+C103+C113 -> 3.4384956e+09
A96: 5110 | B96: Servicios Personales | C96: =SUM(C97:C102) -> 1.9526918e+09 | D96: =SUM(D97:D102) -> 1
A97: 5111 | B97: Remuneraciones al Personal de Carácter Permanente | C97: 4.8779818e+08 | D97: =C97/$C$96 -> 0.24980807
A98: 5112 | B98: Remuneraciones al Personal de Carácter Transitorio | C98: 77760700 | D98: =C98/$C$96 -> 0.03982231
A99: 5113 | B99: Remuneraciones Adicionales y Especiales | C99: 4.6931377e+08 | D99: =C99/$C$96 -> 0.24034195
A100: 5114 | B100: Seguridad Social | C100: 1.2229813e+08 | D100: =C100/$C$96 -> 0.062630535
A101: 5115 | B101: Otras Prestaciones Sociales y Económicas | C101: 5.4858982e+08 | D101: =C101/$C$96 -> 0.2809403
A102: 5116 | B102: Pago de Estímulos a Servidores Públicos | C102: 2.4693123e+08 | D102: =C102/$C$96 -> 0.12645684
...

Sheet ESF
A1: Municipio de Chihuahua
A2: Notas de Desglose Estado de Situación Financiera
A3: ='Notas a los Edos Financieros'!A3 -> Del 01 de enero al 30 de septiembre de 2026
A4: (Cifras en Pesos)
A5: Notas
A7: ESF-01 FONDOS CON AFECTACIÓN ESPECÍFICA E INVERSIONES FINANCIERAS
A8: Cuenta | B8: Nombre de la Cuenta | C8: Monto | D8: Tipo
A9: 1114 | B9: Inversiones Temporales (Hasta 3 meses) | C9: 2.1049641e+08 | D9: Mesa de Dinero
A10: 1115 | B10: Fondos con Afectación Específica | C10: 0
A11: 1121 | B11: Inversiones Financieras de Corto Plazo | C11: 0
A13: ESF-02 CONTRIBUCIONES POR RECUPERAR
A14: Cuenta | B14: Nombre de la Cuenta | C14: Monto | D14: =H1-1 -> -1 | E14: =D14-1 -> -2 | F14: =E14-1 -> -3 | G14: =F14-1 -> -4 | H14: Factibilidad de Cobro
A15: 1122 | B15: Cuentas por Cobrar a Corto Plazo | C15: 0 | D15: 0 | E15: 0 | F15: 0 | G15: 0
A16: 1124 | B16: Ingresos por Recuperar a Corto Plazo | C16: 0 | D16: 0 | E16: 0 | F16: 0 | G16: 0
A18: ESF-03 CONTRIBUCIONES POR RECUPERAR CORTO PLAZO
A19: Cuenta | B19: Nombre de la Cuenta | C19: Monto | D19: A 90 Días | E19: A 180 Días | F19: A 365 Días | G19: + 365 Días | H19: Característica
A20: 1123 | B20: Deudores Diversos por Cobrar a Corto Plazo | C20: 201751.77 | D20: =C20 -> 201751.77 | E20: 0 | F20: 0 | G20: 0
A21: 1125 | B21: Deudores por Anticipos de la Tesorería a Corto Plazo | C21: 3.0114178e+08 | D21: =C21 -> 3.0114178e+08 | E21: 0 | F21: 0 | G21: 0
A22: 1126 | B22: Préstamos Otorgados a Corto Plazo | C22: 0 | D22: =C22 -> 0 | E22: 0 | F22: 0 | G22: 0
A23: 1129 | B23: Otros Derechos a Recibir Efectivo o Equivalentes a Corto Plazo | C23: 0 | D23: =C23 -> 0 | E23: 0 | F23: 0 | G23: 0
A24: 1131 | B24: Anticipo a Proveedores por Adquisición de Bienes y Prestación de Servicios a Corto Plazo | C24: 0 | D24: =C24 -> 0 | E24: 0 | F24: 0 | G24: 0
A25: 1132 | B25: Anticipo a Proveedores por Adquisición de Bienes Inmuebles y Muebles a Corto Plazo | C25: 0 | D25: =C25 -> 0 | E25: 0 | F25: 0 | G25: 0
A26: 1133 | B26: Anticipo a Proveedores por Adquisición de Bienes Intangibles a Corto Plazo | C26: 0 | D26: =C26 -> 0 | E26: 0 | F26: 0 | G26: 0
A27: 1134 | B27: Anticipo a Contratistas por Obras Públicas a Corto Plazo | C27: 1.7645681e+08 | D27: =C27 -> 1.7645681e+08 | E27: 0 | F27: 0 | G27: 0
A28: 1139 | B28: Otros Derechos a Recibir Bienes o Servicios a Corto Plazo | C28: 0 | D28: =C28 -> 0 | E28: 0 | F28: 0 | G28: 0
A30: ESF-04 BIENES DISPONIBLES PARA SU TRANSFORMACIÓN ESTIMACIONES Y DETERIOROS (INVENTARIOS)
A31: Cuenta | B31: Nombre de la Cuenta | C31: Monto | D31: Sistema de Costeo | E31: Método de Valuación | F31: Impacto de Información Financiera
A32: 1140 | B32: Inventarios | C32: 0
A33: 1141 | B33: Inventario de Mercancías para Venta | C33: 0
A34: 1142 | B34: Inventario de Mercancías Terminadas | C34: 0
A35: 1143 | B35: Inventario de Mercancías en Proceso de Elaboración | C35: 0
A36: 1144 | B36: Inventario de Materias Primas, Materiales y Suministros para Producción | C36: 0
A37: 1145 | B37: Bienes en Tránsito | C37: 0
A39: ESF-05 ALMACENES
A40: Cuenta | B40: Nombre de la Cuenta | C40: Monto | D40: Método de Valuación | E40: Conveniencia de Aplicación | F40: Impacto de Información Financiera
A41: 1150 | B41: Almacenes | C41: =C42 -> 17547872 | D41: Peps
A42: 1151 | B42: Almacén de Materiales y Suministros de Consumo | C42: 17547872 | D42: Peps
A44: ESF-06 FIDEICOMISOS, MANDATOS Y CONTRATOS ANÁLOGOS
A45: Cuenta | B45: Nombre de la Cuenta | C45: Monto | D45: Tipo | E45: Característica
A46: 1213 | B46: Fideicomisos, Mandatos y Contratos Análogos | C46: 0
A48: ESF-07 PARTICIPACIONES Y APORTACIONES DE CAPITAL
A49: Cuenta | B49: Nombre de la Cuenta | C49: Monto
A50: 1211 | B50: Inversiones a Largo Plazo | C50: 0
A51: 1212 | B51: Títulos y Valores a Largo Plazo | C51: 0
A52: 1214 | B52: Participaciones y Aportaciones de Capital | C52: 0
A54: ESF-08 BIENES MUEBLES E INMUEBLES
A55: Cuenta | B55: Nombre de la Cuenta | C55: Monto | D55: Dep. Gasto | E55: Dep. Acumulada | F55: Método de depreciación | G55: Tasas determinada | H55: Criterios | I55: Estado del bien | J55: Características
A56: 1230 | B56: Bienes Inmuebles, Infraestructura y Construcciones en Proceso | C56: =SUM(C57:C63) -> 5.5903922e+09 | D56: =SUM(D58:D63) -> 0 | E56: =SUM(E58:E63) -> 0
A57: 1231 | B57: Terrenos | C57: 4.2211362e+09
A58: 1232 | B58: Viviendas | C58: 0
A59: 1233 | B59: Edificios no Habitacionales | C59: 8.096416e+08 | G59: 0
A60: 1234 | B60: Infraestructura | C60: 0
A61: 1235 | B61: Construcciones en Proceso en Bienes de Dominio Público | C61: 5.0772948e+08
A62: 1236 | B62: Construcciones en Proceso en Bienes Propios | C62: 51884885
A63: 1239 | B63: Otros Bienes Inmuebles | C63: 45
A64: 1240 | B64: Bienes Muebles | C64: =SUM(C65:C72) -> 1.3030974e+09 | D64: =SUM(D65:D72) -> 59608480 | E64: =SUM(E65:E72) -> -1.0674712e+09
A65: 1241 | B65: Mobiliario y Equipo de Administración | C65: 3.6762433e+08 | D65: 13715628 | E65: -3.2762382e+08 | F65: Línea Recta | G65: 0.1 | H65: Registro mensual | I65: Bueno | J65: Inventarios periódicos
A66: 1242 | B66: Mobiliario y Equipo Educacional y Recreativo | C66: 63730050 | D66: 2903098 | E66: -58401510 | F66: Línea Recta | G66: 0.25 | H66: Registro mensual | I66: Bueno | J66: Inventarios periódicos
A67: 1243 | B67: Equipo e Instrumental Médico y de Laboratorio | C67: 2388381.3 | D67: 115517.07 | E67: -1875580.5 | F67: Línea Recta | G67: 0.25 | H67: Registro mensual | I67: Bueno | J67: Inventarios periódicos
A68: 1244 | B68: Vehículos y Equipo de Transporte | C68: 5.4675425e+08 | D68: 23674995 | E68: -4.667327e+08 | F68: Línea Recta | G68: 0.25 | H68: Registro mensual | I68: Bueno | J68: Inventarios periódicos
A69: 1245 | B69: Equipo de Defensa y Seguridad | C69: 3839268.6 | D69: 340732.08 | E69: -7254696.3 | F69: Línea Recta | G69: 0.2 | H69: Registro mensual | I69: Bueno | J69: Inventarios periódicos
A70: 1246 | B70: Maquinaria, Otros Equipos y Herramientas | C70: 3.1465119e+08 | D70: 18593730 | E70: -2.0272294e+08 | F70: Línea Recta | G70: 0.1 | H70: Registro mensual | I70: Bueno | J70: Inventarios periódicos
A71: 1247 | B71: Colecciones, Obras de Arte y Objetos Valiosos | C71: 2738313.9 | D71: 112650.12 | E71: -2066161.7 | F71: Línea Recta | G71: 0.1 | H71: Registro mensual | I71: Bueno | J71: Inventarios periódicos
A72: 1248 | B72: Activos Biológicos | C72: 1371654 | D72: 152129.3 | E72: -793808.5 | F72: Línea Recta | G72: 0.25 | H72: Registro mensual
A74: ESF-09 INTANGIBLES Y DIFERIDOS
A75: Cuenta | B75: Nombre de la Cuenta | C75: Monto | D75: Amort. Gasto | E75: Amort. Acum | F75: Métodos aplicados | G75: Tasas Aplicada
A76: 1250 | B76: Activos Intangibles | C76: =SUM(C77:C81) -> 71510265 | D76: =SUM(D77:D81) -> 377230.05 | E76: =SUM(E77:E81) -> -69770156
A77: 1251 | B77: Software | C77: 71020030 | D77: 375840 | E77: -69406544 | F77: Línea Recta | G77: 100% anual
A78: 1252 | B78: Patentes, Marcas y Derechos | C78: 111204.86 | D78: 1390.05 | E78: -4479.06 | F78: Línea Recta | G78: 100% anual
A79: 1253 | B79: Concesiones y Franquicias | C79: 0 | D79: 0 | E79: 0
A80: 1254 | B80: Licencias | C80: 379029.86 | E80: -359132.48 | F80: Línea Recta | G80: 100% anual
A81: 1259 | B81: Otros Activos Intangibles
A82: 1270 | B82: Activos Diferidos | C82: 0
A83: 1271 | B83: Estudios, Formulación y Evaluación de Proyectos | C83: 0
A84: 1272 | B84: Derechos Sobre Bienes en Régimen de Arrendamiento Financiero | C84: 0
A85: 1273 | B85: Gastos Pagados por Adelantado a Largo Plazo | C85: 0
A86: 1274 | B86: Anticipos a Largo Plazo | C86: 0
A87: 1275 | B87: Beneficios al Retiro de Empleados Pagados por Adelantado | C87: 0
A88: 1279 | B88: Otros Activos Diferidos | C88: 5.6072951e+08 | H88: Otros Activos Diferidos: Corresponden al arrendamiento de vehiculos utilizados en labores de seguridad pública y aseo urbano.
A90: ESF-10 ESTIMACIONES Y DETERIOROS
A91: Cuenta | B91: Nombre de la Cuenta | C91: Monto | D91: Criterios
A92: 1160 | B92: Estimación por Pérdida o Deterioro de Activos Circulantes | C92: 0
A93: 1161 | B93: Estimaciones para Cuentas Incobrables por Derechos a Recibir Efectivo o Equivalentes | C93: 0
A94: 1162 | B94: Estimación por Deterioro de Inventarios | C94: 0
A96: ESF-11 OTROS ACTIVOS
A97: Cuenta | B97: Nombre de la Cuenta | C97: Monto | D97: Característica
A98: 1190 | B98: Otros Activos Circulantes | C98: =SUM(C99:C102) -> 0
A99: 1191 | B99: Valores en Garantía | C99: 0
A100: 1192 | B100: Bienes en Garantía (excluye depósitos de fondos) | C100: 0
A101: 1193 | B101: Bienes derivados de embargos, decomisos, aseguramientos y dación en pago | C101: 0
A102: 1194 | B102: Adquisición con Fondos de Terceros | C102: 0
A103: 1290 | B103: Otros Activos no Circulantes | C103: =SUM(C104:C106) -> 0
A104: 1291 | B104: Bienes en Concesión | C104: 0
A105: 1292 | B105: Bienes en Arrendamiento Financiero | C105: 0
A106: 1293 | B106: Bienes en Comodato | C106: 0
A108: ESF-12 CUENTAS Y DOCUMENTOS POR PAGAR
A109: Cuenta | B109: Nombre de la Cuenta | C109: Monto | D109: A 90 Días | E109: A 180 Días | F109: A 365 Días | G109: Más 365 Días | H109: Caracteristicas
A110: 2110 | B110: Cuentas por Pagar a Corto Plazo | C110: =SUM(C111:C119) -> 3.746513e+08 | D110: =C110 -> 3.746513e+08 | E110: 0 | F110: 0 | G110: 0
A111: 2111 | B111: Servicios Personales por Pagar a Corto Plazo | C111: 0 | D111: =C111 -> 0 | E111: 0 | F111: 0 | G111: 0
A112: 2112 | B112: Proveedores por Pagar a Corto Plazo | C112: 2.1124216e+08 | D112: =C112 -> 2.1124216e+08 | E112: 0 | F112: 0 | G112: 0
...

Sheet EVHP
A1: Municipio de Chihuahua
A2: Notas de Desglose Estado de Variación en la Hacienda Pública
A3: ='Notas a los Edos Financieros'!A3 -> Del 01 de enero al 30 de septiembre de 2026
A4: (Cifras en Pesos)
A5: Notas
A7: EVHP-01 PATRIMONIO CONTRIBUIDO
A8: Cuenta | B8: Nombre de la Cuenta | C8: Monto | D8: Tipo | E8: Naturaleza
A9: 3110 | B9: Aportaciones | C9: 0
A10: 3120 | B10: Donaciones de Capital | C10: 4.6751047e+09
A11: 3130 | B11: Actualización de la Hacienda Pública/Patrimonio | C11: 0
A13: EVHP-02 PATRIMONIO GENERADO
A14: Cuenta | B14: Nombre de la Cuenta | C14: Monto | D14: Procedencia
A15: 3210 | B15: Resultado del Ejercicio (Ahorro/ Desahorro) | C15: 9.7722336e+08
A16: 3220 | B16: Resultados de Ejercicios Anteriores | C16: -2.0407005e+08
A17: 3230 | B17: Revalúos | C17: 0
A18: 3231 | B18: Revalúo de Bienes Inmuebles | C18: 0
A19: 3232 | B19: Revalúo de Bienes Muebles | C19: 0
A20: 3233 | B20: Revalúo de Bienes Intangibles | C20: 0
A21: 3239 | B21: Otros Revalúos | C21: 0
A22: 3240 | B22: Reservas | C22: 0
A23: 3241 | B23: Reservas de Patrimonio | C23: 0
A24: 3242 | B24: Reservas Territoriales | C24: 0
A25: 3243 | B25: Reservas por Contingencias | C25: 0
A26: 3250 | B26: Rectificaciones de Resultados de Ejercicios Anteriores | C26: 5.259613e+08
... A29: 3253 | B29: Cambios en Estimaciones Contables | C29: 0
B31: “Bajo protesta de decir verdad declaramos que los Estados Financieros y sus notas, son razonablemente correctos y son responsabilidad del emisor.”

Sheet EFE
A1: Municipio de Chihuahua
A2: Notas de Desglose Estado de Flujos de Efectivo
A3: ='Notas a los Edos Financieros'!A3 -> Del 01 de enero al 30 de septiembre de 2026
A4: (Cifras en Pesos)
A5: Notas
A7: EFE-01 EFECTIVO Y EQUIVALENTES
A8: Cuenta | B8: Nombre de la Cuenta | C8: 2026 | D8: 2025
A9: 1111 | B9: Efectivo | C9: 1187550 | D9: 1152550
A10: 1112 | B10: Bancos/Tesorería | C10: 4.8968261e+08 | D10: 2.4813608e+08
A11: 1113 | B11: Bancos/Dependencias y Otros | C11: 0 | D11: 0
A12: 1114 | B12: Inversiones Temporales (Hasta 3 meses) | C12: 2.1049641e+08 | D12: 65697316
A13: 1115 | B13: Fondos con Afectación Específica | C13: 0 | D13: 0
A14: 1116 | B14: Depósitos de Fondos de Terceros en Garantía y/o Administración | C14: 0 | D14: 0
A15: 1119 | B15: Otros Efectivos y Equivalentes | C15: 0 | D15: 0
A16: 1110 | B16: Total de Efectivo y Equivalentes | C16: =+SUM(C9:C15) -> 7.0136657e+08 | D16: =+SUM(D9:D15) -> 3.1498594e+08
A19: EFE-02 ADQ. DE ACT. DE INVERSIÓN EFECTIVAMENTE PAGADAS
A20: Cuenta | B20: Nombre de la Cuenta | C20: 2026 | D20: 2025
A21: 1230 | B21: Bienes Inmuebles, Infraestructura y Construcciones en Proceso | C21: =+SUM(C22:C28) -> 5.963399e+08 | D21: =+SUM(D22:D28) -> 5.4482126e+08
A22: 1231 | B22: Terrenos | C22: 0 | D22: 0
A23: 1232 | B23: Viviendas | C23: 0 | D23: 0
A24: 1233 | B24: Edificios no Habitacionales | C24: 0 | D24: 0
A25: 1234 | B25: Infraestructura | C25: 0 | D25: 0
A26: 1235 | B26: Construcciones en Proceso en Bienes de Dominio Público | C26: 5.8418722e+08 | D26: 5.4417646e+08
A27: 1236 | B27: Construcciones en Proceso en Bienes Propios | C27: 12152686 | D27: 644804.85
A28: 1239 | B28: Otros Bienes Inmuebles | C28: 0 | D28: 0
A29: 1240 | B29: Bienes Muebles | C29: =+SUM(C30:C37) -> 11374334 | D29: =+SUM(D30:D37) -> 1.0786023e+08
A30: 1241 | B30: Mobiliario y Equipo de Administración | C30: 4538593.5 | D30: 33196987
A31: 1242 | B31: Mobiliario y Equipo Educacional y Recreativo | C31: 35598.24 | D31: 6954876.3
A32: 1243 | B32: Equipo e Instrumental Médico y de Laboratorio | C32: 0 | D32: 428758.61
A33: 1244 | B33: Vehículos y Equipo de Transporte | C33: 2331737.6 | D33: 31054226
A34: 1245 | B34: Equipo de Defensa y Seguridad | C34: 0 | D34: 0
A35: 1246 | B35: Maquinaria, Otros Equipos y Herramientas | C35: 4468405 | D35: 36225386
A36: 1247 | B36: Colecciones, Obras de Arte y Objetos Valiosos | C36: 0 | D36: 0
A37: 1248 | B37: Activos Biológicos | C37: 0 | D37: 0
A38: 1250 | B38: Activos Intangibles | C38: =+SUM(C39:C43) -> 0 | D38: =+SUM(D39:D43) -> 3195037.9
A39: 1251 | B39: Software | C39: 0 | D39: 3195037.9
A40: 1252 | B40: Patentes, Marcas y Derechos | C40: 0 | D40: 0
A41: 1253 | B41: Concesiones y Franquicias | C41: 0 | D41: 0
A42: 1254 | B42: Licencias | C42: 0 | D42: 0
A43: 1259 | B43: Otros Activos Intangibles | C43: 0 | D43: 0
B44: Total de Aplicación de efectivo por Actividades de Inversión | C44: =C21+C29+C38 -> 6.0771424e+08 | D44: =D21+D29+D38 -> 6.5587654e+08
A46: EFE-03 CONCILIACION DE FLUJOS DE EFECTIVO NETOS
A47: Cuenta | B47: Nombre de la Cuenta | C47: 2026 | D47: 2025
A48: 3210 | B48: Resultados del Ejercicio Ahorro/Desahorro | C48: 9.7722336e+08 | D48: 5.0455258e+08
B49: (+) Movimientos de partidas (o rubros) que no afectan al efectivo | C49: =+C50+C62+C90+C93+C99 -> 3.2182688e+08 | D49: =+D50+D62+D90+D93+D99 -> 3.9432376e+08
A50: 5400 | B50: INTERESES, COMISIONES Y OTROS GASTOS DE LA DEUDA PUBLICA | C50: =+C51+C53+C55+C57+C59 -> 20212834 | D50: =+D51+D53+D55+D57+D59 -> 8579910.3
A51: 5410 | B51: Intereses de la deuda pública | C51: =+SUM(C52) -> 20212834 | D51: =+SUM(D52) -> 8579910.3
A52: 5411 | B52: Intereses de la Deuda Pública Interna | C52: 20212834 | D52: 8579910.3
A53: 5420 | B53: Comisiones de la deuda pública | C53: 0 | D53: =+D54 -> 0
A54: 5421 | B54: Comisiones de la Deuda Pública Interna | C54: 0 | D54: 0
A55: 5430 | B55: Gastos de la deuda pública | C55: 0 | D55: =+D56 -> 0
A56: 5431 | B56: Gastos de la Deuda Pública Interna | C56: 0 | D56: 0
A57: 5440 | B57: Costo por coberturas | C57: 0 | D57: =+SUM(D58) -> 0
A58: 5441 | B58: Costo por coberturas | C58: 0 | D58: 0
A59: 5450 | B59: Apoyos financieros | C59: 0 | D59: =+SUM(D60:D61) -> 0
A60: 5451 | B60: Apoyos Financieros a Intermediarios | C60: 0 | D60: 0
A61: 5452 | B61: Apoyo Financieros a Ahorradores y Deudores del Sistema Financiero Nacional | C61: 0 | D61: 0
A62: 5500 | B62: OTROS GASTOS Y PERDIDAS EXTRAORDINARIAS | C62: =+C63+C72+C75+C81 -> 59985710 | D62: =+D63+D72+D75+D81 -> 71037595
A63: 5510 | B63: Estimaciones, Depreciaciones, Deterioros, Obsolescencia y Amortizaciones | C63: =SUM(C64:C71) -> 59985710 | D63: =+SUM(D64:D71) -> 71037595
A64: 5511 | B64: Estimaciones por Pérdida o Deterioro de Activos Circulantes | C64: 0 | D64: 0
A65: 5512 | B65: Estimaciones por Pérdida o Deterioro de Activo no Circulante | C65: 0 | D65: 0
A66: 5513 | B66: Depreciación de Bienes Inmuebles | C66: 0 | D66: 0
A67: 5514 | B67: Depreciación de Infraestructura | C67: 0 | D67: 0
A68: 5515 | B68: Depreciación de Bienes Muebles | C68: 59456351 | D68: 70287944
A69: 5516 | B69: Deterioro de los Activos Biológicos | C69: 152129.3 | D69: 202839.2
A70: 5517 | B70: Amortización de Activos Intangibles | C70: 377230.05 | D70: 546811.75
A71: 5518 | B71: Disminución de Bienes por pérdida, obsolescencia y deterioro | C71: 0 | D71: 0
A72: 5520 | B72: Provisiones | C72: =SUM(C73:C74) -> 0 | D72: =+SUM(D73:D74) -> 0
A73: 5521 | B73: Provisiones de Pasivos a Corto Plazo | C73: 0 | D73: 0
A74: 5522 | B74: Provisiones de Pasivos a Largo Plazo | C74: 0 | D74: 0
A75: 5530 | B75: Disminución de Inventarios | C75: =SUM(C76:C80) -> 0 | D75: =+SUM(D76:D80) -> 0
A76: 5531 | B76: Disminución de Inventarios de Mercancías para Venta | C76: 0 | D76: 0
A77: 5532 | B77: Disminución de Inventarios de Mercancías Terminadas | C77: 0 | D77: 0
A78: 5533 | B78: Disminución de Inventarios de Mercancías en Proceso de Elaboración | C78: 0 | D78: 0
A79: 5534 | B79: Disminución de Inventarios de Materias Primas, Materiales y Suministros para Producción | C79: 0 | D79: 0
A80: 5535 | B80: Disminución de Almacén de Materiales y Suministros de Consumo | C80: 0 | D80: 0
A81: 5590 | B81: Otros Gastos | C81: =SUM(C82:C89) -> 0 | D81: =+SUM(D82:D89) -> 0
A82: 5591 | B82: Gastos de Ejercicios Anteriores | C82: 0 | D82: 0
A83: 5592 | B83: Pérdidas por Responsabilidades | C83: 0 | D83: 0
A84: 5593 | B84: Bonificaciones y Descuentos Otorgados | C84: 0 | D84: 0
A85: 5594 | B85: Diferencias por Tipo de Cambio Negativas en Efectivo y Equivalentes | C85: 0 | D85: 0
A86: 5595 | B86: Diferencias de Cotizaciones Negativas en Valores Negociables | C86: 0 | D86: 0
A87: 5596 | B87: Resultado por Posición Monetaria | C87: 0 | D87: 0
A88: 5597 | B88: Pérdidas por Participación Patrimonial | C88: 0 | D88: 0
A89: 5599 | B89: Otros Gastos Varios | C89: 0 | D89: 0
A90: 5600 | B90: INVERSIÓN PÚBLICA | C90: =+C91 -> 5879457.4 | D90: =+D91 -> 1145255.9
A91: 5610 | B91: Inversión Pública no Capitalizable | C91: =+C92 -> 5879457.4 | D91: =+D92 -> 1145255.9
A92: 5611 | B92: Construcción en Bienes no Capitalizable | C92: 5879457.4 | D92: 1145255.9
A93: 2110 | B93: Incremento en Cuentas por Pagar de Operación | C93: =+SUM(C94:C98) -> 2.3574888e+08 | D93: =+SUM(D94:D98) -> 3.13561e+08
A94: 2111 | B94: Provisiones capítulo 1000 | C94: 1614670.1 | D94: 30452177
A95: 2112 | B95: Provisiones capítulo 2000 | C95: 28250405 | D95: 72820717
A96: 2112 | B96: Provisiones capítulo 3000 | C96: 1.4807276e+08 | D96: 1.708983e+08
A97: 2115 | B97: Provisiones capítulo 4000 | C97: 57811046 | D97: 39389800
A98: 2114 | B98: Provisiones capítulo 8000 | C98: 0 | D98: 0
A99: 5120 | B99: Almacén de Materiales y Suministros de Consumo | C99: =+C100 -> 0 | D99: =+D100 -> 0
A100: 5120 | B100: Almacén de Materiales y Suministros de Consumo | C100: 0 | D100: 0
B101: (-) Movimientos de partidas (o rubros) que afectan al efectivo | C101: =+C102+C124+C134+C106 -> 0 | D101: =+D102+D124+D134 -> 0
A102: 4300 | B102: OTROS INGRESOS Y BENEFICIOS | C102: 0 | D102: =+D103+D106+D112+D114+D116 -> 0
A103: 4310 | B103: Ingresos Financieros | C103: 0 | D103: =+SUM(D104:D105) -> 0
A104: 4311 | B104: Intereses Ganados de Títulos, Valores y demás Instrumentos Financieros | C104: 0 | D104: 0
...

Sheet Conciliacion_Ig
A1: =ESF!A1 -> Municipio de Chihuahua
A2: Conciliación entre los Ingresos Presupuestarios y Contables
A3: =ESF!A3 -> Del 01 de enero al 30 de septiembre de 2026
A4: (Cifras en pesos)
A5: Concepto | C5: 2026
A6: 1. Total de Ingresos Presupuestarios | C6: 6.4501233e+09
A8: 2. Más Ingresos Contables No Presupuestarios | C8: =SUM(C9:C14) -> 0
A9: 2.1 | B9: Ingresos Financieros | C9: 0
A10: 2.2 | B10: Incremento por Variación de inventarios | C10: 0
A11: 2.3 | B11: Disminución del Exceso de Estimaciones por Pérdida o Deterioro u Obsolescencia | C11: 0
A12: 2.4 | B12: Disminución del Exceso de Provisiones | C12: 0
A13: 2.5 | B13: Otros Ingresos y Beneficios Varios | C13: 0
A14: 2.6 | B14: Otros Ingresos Contables No Presupuestarios | C14: 0
A16: 3. Menos Ingresos Presupuestarios No Contables | C16: =SUM(C17:C19) -> 500000000
A17: 3.1 | B17: Aprovechamientos Patrimoniales | C17: 0
A18: 3.2 | B18: Ingresos Derivados de Financiamientos | C18: 500000000
A19: 3.3 | B19: Otros Ingresos Presupuestarios No Contables | C19: 0
A21: 4. Total de Ingresos Contables | C21: =C6+C8-C16 -> 5.9501233e+09
A23: “Bajo protesta de decir verdad declaramos que los Estados Financieros y sus notas, son razonablemente correctos y son responsabilidad del emisor.”

Sheet Conciliacion_Eg
A1: =ESF!A1 -> Municipio de Chihuahua
A2: Conciliación entre los Egresos Presupuestarios y los Gastos Contables
A3: =ESF!A3 -> Del 01 de enero al 30 de septiembre de 2026
A4: (Cifras en pesos)
A5: Concepto | C5: 2026
A6: 1. Total de Egresos Presupuestarios | C6: 5.7694574e+09
A8: 2. Menos Egresos Presupuestarios No Contables | C8: =SUM(C9:C29) -> 8.6242257e+08
A9: 2.1 | B9: Materias Primas y Materiales de Producción y Comercialización | C9: 0
A10: 2.2 | B10: Materiales y Suministros | C10: 0
A11: 2.3 | B11: Mobiliario y Equipo de Administración | C11: 5617698.6
A12: 2.4 | B12: Mobiliario y Equipo Educacional y Recreativo | C12: 81565.56
A13: 2.5 | B13: Equipo e Instrumental Médico y de Laboratorio | C13: 0
A14: 2.6 | B14: Vehículos y Equipo de Transporte | C14: 3552201.6
A15: 2.7 | B15: Equipo de Defensa y Seguridad | C15: 0
A16: 2.8 | B16: Maquinaria, Otros Equipos y Herramientas | C16: 5037885.7
A17: 2.9 | B17: Activos Biológicos | C17: 0
A18: 2.10 | B18: Bienes Inmuebles | C18: 0
A19: 2.11 | B19: Activos Intangibles | C19: 0
A20: 2.12 | B20: Obra Pública en Bienes de Dominio Público | C20: 6.0944456e+08
A21: 2.13 | B21: Obra Pública en Bienes Propios | C21: 12606663
A22: 2.14 | B22: Acciones y Participaciones de Capital | C22: 0
A23: 2.15 | B23: Compra de Títulos y Valores | C23: 0
A24: 2.16 | B24: Concesión de Préstamos | C24: 0
A25: 2.17 | B25: Inversiones en Fideicomisos, Mandatos y Otros Análogos | C25: 0
A26: 2.18 | B26: Provisiones para Contingencias y Otras Erogaciones Especiales | C26: 0
A27: 2.19 | B27: Amortización de la Deuda Pública | C27: 2.26082e+08
A28: 2.20 | B28: Adeudos de Ejercicios Fiscales Anteriores (ADEFAS) | C28: 0
A29: 2.21 | B29: Otros Egresos Presupuestarios No Contables | C29: 0
A31: 3. Más Gastos Contables No Presupuestarios | C31: =SUM(C32:C38) -> 65865168
A32: 3.1 | B32: Estimaciones, Depreciaciones, Deterioros, Obsolescencia y Amortizaciones | C32: 59985710
A33: 3.2 | B33: Provisiones | C33: 0
A34: 3.3 | B34: Disminución de Inventarios | C34: 0
A35: 3.4 | B35: Otros Gastos | C35: 0
A36: 3.5 | B36: Inversión Pública no Capitalizable | C36: 5879457.4
A37: 3.6 | B37: Materiales y Suministros (consumos) | C37: 0
A38: 3.7 | B38: Otros Gastos Contables No Presupuestarios | C38: 0
A40: 4. Total de Gastos Contables | C40: =C6-C8+C31 -> 4.9728999e+09
A42: “Bajo protesta de decir verdad declaramos que los Estados Financieros y sus notas, son razonablemente correctos y son responsabilidad del emisor.”
